 Dungeon Crawl Stone Soup version 0.30-a0-154-gb106f4c828 (webtiles) character file.

Game seed: 1132873818043745135

92 Aibolit the Chopper (level 4, 0/41 HPs)
             Began as a Hill Orc Monk on Sept 27, 2022.
             Slain by an orc wizard
             ... wielding a +0 dagger
              (1 damage)
             ... on level 3 of the Dungeon.
             The game lasted 00:06:25 (3403 turns).

Aibolit the Chopper (Hill Orc Monk)                 Turns: 3403, Time: 00:06:26

Health: 0/41       AC:  8    Str: 15    XL:     4   Next: 60%
Magic:  4/4        EV: 17    Int: 10    God:
Gold:   115        SH:  0    Dex: 13    Spells: 3/3 levels left

rFire   . . .      SeeInvis .    a - +0 hand axe
rCold   . . .      Faith    +    (no shield)
rNeg    . . .      Spirit   .    f - +5 robe of Misfortune {Harm *Corrode *Slow EV+5}
rPois   .          Reflect  .    (no helmet)
rElec   .          Harm     +    (no cloak)
rCorr   .          Rampage  .    n - +0 pair of gloves
Will    .....                    (no boots)
Stlth   ++........               i - amulet of faith
HPRegen 0.13/turn                (no ring)
MPRegen 0.09/turn                (no ring)

@: no status effects
A: no striking features
a: no special abilities


You were on level 3 of the Dungeon.
You visited 1 branch of the dungeon, and saw 3 of its levels.

You collected 115 gold pieces.

Inventory:

Hand Weapons
 a - a +0 hand axe (weapon)
Armour
 f - the +5 robe of Misfortune (worn) {Harm *Corrode *Slow EV+5}
   (You found it on level 3 of the Dungeon)

   EV:        It affects your evasion (+5).
   *Corrode:  It may corrode you when you take damage.
   *Slow:     It may slow you when you take damage.
   Harm:      It increases damage dealt and taken.
 n - a +0 pair of gloves (worn)
Jewellery
 i - an amulet of faith (around neck)
Scrolls
 g - a scroll of butterflies {unknown}
 h - a scroll of noise {unknown}
 j - a scroll of teleportation
 l - a scroll of identify {unknown}
 m - a scroll of brand weapon {unknown}
 q - a scroll of enchant armour {unknown}
 r - a scroll of immolation {unknown}
 s - a scroll of magic mapping {unknown}
Potions
 e - a potion of haste {unknown}
 k - a potion of berserk rage {unknown}
 p - 2 potions of heal wounds {unknown}


   Skills:
 + Level 4.4 Fighting
 + Level 4.9 Axes
 + Level 3.0 Dodging
 + Level 2.3 Stealth


You had 3 spell levels left.
You didn't know any spells.
Your spell library was empty.

Dungeon Overview and Level Annotations

Branches:
Dungeon (3/15)

Altars:

Shops:
D:1 :


Message History

Deactivating autopickup; reactivate with Ctrl-A.
You hit the worm.
The worm is almost dead.
The worm barely misses you.
You barely miss the worm.
The worm is almost dead.
The worm bites you but does no damage.
You hit the worm.
You kill the worm!
Something hits you.
You see here a worm corpse.
You are too injured to fight recklessly!
Something closely misses you. Something barely misses you.
You start resting.
Something hits you.
You start resting.
You hear some strange, mumbled words.
Something tries to affect you, but you resist.
You start resting.
Something completely misses you.
There is a strange disturbance nearby!
Something hits you.
You are too injured to fight recklessly!
You are too injured to fight recklessly!
You hit something but do no damage.
You hear some strange, mumbled words.
A puff of flame appears from out of thin air!
The puff of flame misses you.
You hit something but do no damage.
You hear some strange, mumbled words.
A puff of flame appears from out of thin air!
The puff of flame hits you.
* * * LOW HITPOINT WARNING * * *
You miss something.
You hear some strange, mumbled words.
A magic dart appears from out of thin air!
The magic dart hits you!
* * * LOW HITPOINT WARNING * * *
You hit something. Something hits you but does no damage. Something hits you.
You die...

... .....# #
........##.# ##
#..#....##.# #. #
#..#....##.# #.
.#.#.......##.#
#. ..........#
#.# +.
......#...# #.#
#. ..........#
#.# ##
##.##.#...###@#
...#†..oo{.#
###.#...###.#
#####.#...# #.#
..........#....
#####o#...#.....
#..............#
#.##.#.........#
##.##.#..........


You could see an orc wizard and an orc.

Vanquished Creatures
  An adder (D:2)
  4 gnolls
  A worm (D:3)
  2 dart slugs
  2 ball pythons (D:1)
  2 bats
  4 endoplasms (D:1)
  A giant cockroach (D:3)
  A goblin (D:2)
  A hobgoblin (D:2)
  5 jackals (D:1)
  7 kobolds
  A quokka (D:2)
  4 frilled lizards
  2 rats
  A bush (D:2)
39 creatures vanquished.

Notes
Turn   | Place    | Note
-------+----------+-------------------------------------------
     0 | D:1      | Aibolit the Hill Orc Monk began the quest for the Orb.
     0 | D:1      | Reached XP level 1. HP: 19/19 MP: 1/1
    24 | D:1      | Found Opooxt's Book Shoppe.
   503 | D:1      | Reached XP level 2. HP: 27/27 MP: 2/2
  1201 | D:1      | Reached XP level 3. HP: 28/33 MP: 3/3
  1536 | D:2      | Found a faded altar of an unknown god.
  2893 | D:3      | Reached XP level 4. HP: 8/41 MP: 4/4
  3289 | D:3      | Found the +5 robe of Misfortune {Harm *Corrode *Slow EV+5}
  3401 | D:3      | HP: 1/41 [something/magic dart (8)]
  3403 | D:3      | Slain by an orc wizard

Illustrated notes

Levels and vault maps discovered:
D:1:      ncdulo_smallfort, layout_loops_corners, serial_shops,
          nicolae_diamond_shop, st_stairs_4
D:2:      layout_basic, chequers_ecumenical_altar_simple_redux,
          minmay_hedge_maze
D:3:      layout_basic

Skill      XL: |  1  2  3  4 |
---------------+-------------+-----
Stealth        | 2 |  2.3
Fighting       | 4 |  4.4
Dodging        | 3 |  3.0
Axes           | |  4.9

Action                   |  1- 3 |  4- 6 || total
-------------------------+-------+-------++-------
Melee: Hand axe          |   290 |    44 ||   334
       Punch             |     6 |     1 ||     7
  Use: Potion            |     1 |     3 ||     4
       Scroll            |     1 |     2 ||     3
Armor: Robe              |    10 |     5 ||    15
       Ring mail         |    31 |       ||    31
       Skin              |       |     1 ||     1
Dodge: Dodged            |   121 |    33 ||   154

Table legend: (Time is in decaauts)
 A = Elapsed time spent in this place.
 B = Non-inter-level travel time spent in this place.
 C = Inter-level travel time spent in this place.
 D = Time resting spent in this place.
 E = Time spent auto-exploring this place.
 F = Levels seen in this place.
 G = Mean time per level.
                   A        B        C        D        E       F      G
               +--------+--------+--------+--------+--------+-----+--------+
         Total |   3428 |   3282 |    146 |    619 |   2051 |   3 | 1142.7 |
       Dungeon |   3428 |   3282 |    146 |    619 |   2051 |   3 | 1142.7 |
               +--------+--------+--------+--------+--------+-----+--------+

Top non-repeatable levels by time:
     D:1: 1498 daAuts
     D:2: 1390 daAuts
     D:3: 539 daAuts
